 Dungeon Crawl Stone Soup version 0.19.5 (webtiles) character file.

35 Freeplumber the Vexing (level 3, 0/26 HPs)
             Began as a Formicid Arcane Marksman on Apr 6, 2017.
             Slain by a worm (1 damage)
             ... on level 2 of the Dungeon.
             The game lasted 00:10:33 (678 turns).

Freeplumber the Vexing (Formicid Arcane Marksman)    Turns: 678, Time: 00:10:34

Health: 0/26       AC:  2    Str: 15    XL:     3   Next: 52%
Magic:  3/4        EV: 12    Int: 12    God:
Gold:   54         SH:  0    Dex: 11    Spells: 2 memorised, 1 level left

rFire  . . .     SeeInvis +     a - +0 hand crossbow
rCold  . . .     Gourm    .     e - +0 robe
rNeg   . . .     Faith    .     (no shield)
rPois  .         Spirit   .     (helmet unavailable)
rElec  .         Reflect  .     (no cloak)
rCorr  .         Harm     .     (no gloves)
MR     .....                    (no boots)
Stlth  +.........               (no amulet)
                                (no ring)
                                (no ring)

@: no status effects
A: permanent stasis, dig shafts and tunnels, four strong arms, antennae 3
a: Dig, Shaft Self


You were on level 2 of the Dungeon.
You were not hungry.

You visited 1 branch of the dungeon, and saw 2 of its levels.

You collected 54 gold pieces.

Inventory:

Hand Weapons
 a - a +0 hand crossbow (weapon)
Missiles
 b - 9 poisoned needles
 d - 19 bolts (quivered)
 g - 3 curare-tipped needles
Armour
 e - a +0 robe (worn)
Scrolls
 j - a scroll of enchant armour
Books
 c - a book of Debilitation

   Spells                             Type                      Level
   a - Corona                         Hexes                        1
   b - Slow                           Hexes                        2
   c - Gell's Gravitas                Hexes/Translocation          3
   d - Inner Flame                    Hexes/Fire                   3
   e - Cause Fear                     Hexes                        4
   f - Leda's Liquefaction            Hexes/Earth                  4
Comestibles
 f - 2 bread rations


   Skills:
 + Level 1.3 Fighting
 + Level 2.8 Crossbows
 + Level 2.1 Dodging
 + Level 1.2 Spellcasting
 + Level 4.1 Hexes


You had one spell level left.
You knew the following spells:

 Your Spells              Type           Power        Failure   Level  Hunger
a - Corona                Hex            ##.....      8%          1    ##.....
b - Slow                  Hex            ##......     12%         2    ###....


Dungeon Overview and Level Annotations

Branches:
Dungeon (2/15)

Altars:


Innate Abilities, Weirdness & Mutations

You are under a permanent stasis effect.
You can dig through walls and to a lower floor.
Your four strong arms can wield two-handed weapons with a shield.
You have a pair of large antennae on your head. (SInv)


Message History

Press: ? - help, Shift-Dir - straight line, f - worm
Aim: a worm (almost dead)
You shoot a bolt.
The bolt hits the worm but does no damage.
The worm is almost dead.
The worm bites you!
* * * LOW HITPOINT WARNING * * *
Casting: Corona
Confirm with . or Enter, or press ? or * to list all spells.
Aiming: Corona
Press: ? - help, Shift-Dir - straight line, f/p - worm
Aim: a worm (almost dead, chance to defeat MR: 54%)
The worm is outlined in light.
Firing (i - inventory):
d - 20 bolts (quivered)
Press: ? - help, Shift-Dir - straight line, f/p - worm
Aim: a worm (severely wounded, softly glowing)
You shoot a bolt. The bolt hits the worm.
The worm is almost dead.
The worm bites you.
You die...

#..... ............
w#..... #.##.......
..#.....##.##..#..#
...........(...#..#
#.#.......(.......#
..#...#...(##..#.##
..............g(.#
.....##...†.#..#w#
.....#####..#..#@#
...%.......(...g.#
#.#.######..#.##.#
............
............#...
.........##.#...#
..................
.........##.......
.#####...# .......


You could see a worm and a goblin.

Vanquished Creatures
  4 dart slugs (D:1)
  A ball python (D:1)
  3 goblins (D:1)
  2 hobgoblins
  3 bats (D:1)
  4 frilled lizards
  6 kobolds (D:1)
  6 rats
29 creatures vanquished.

Notes
Turn   | Place    | Note
-------+----------+-------------------------------------------
     0 | D:1      | Freeplumber the Formicid Arcane Marksman began the quest for the Orb.
     0 | D:1      | Reached XP level 1. HP: 15/15 MP: 2/2
    72 | D:1      | Reached XP level 2. HP: 17/21 MP: 3/3
    91 | D:1      | Reached skill level 4 in Hexes
   311 | D:1      | Reached XP level 3. HP: 5/26 MP: 4/4
   321 | D:1      | Learned a level 2 spell: Slow
   675 | D:2      | HP: 1/26 [worm (8)]
   678 | D:2      | Slain by a worm

Skill      XL: |  1  2 |
---------------+-------+-----
Dodging        | 2 |  2.1
Hexes          | 4 |  4.1
Fighting       | |  1.3
Crossbows      | |  2.8
Spellcasting   | |  1.2

Action                   || total
-------------------------++-------
Melee: Hand crossbow     ||    10
 Fire: Hand crossbow     ||    71
 Cast: Corona            ||    10
       Slow              ||     1
  Use: Scroll            ||     4
Armor: Robe              ||    14
Dodge: Dodged            ||    32
